[Event "30th Abu Dhabi Festival A-Open 2024"]
[Site "Abu Dhabi"]
[Date "2024.08.17"]
[Round "2.11"]
[White "Farhat, Jawad"]
[Black "Abdullayev, Elshad"]
[Result "0-1"]
[ECO "D35"]
[WhiteElo "1892"]
[BlackElo "2205"]
[Annotator "ChessBase"]
[PlyCount "92"]
[EventDate "2024.08.15"]
[EventType "swiss"]
[EventCountry "UAE"]
[SourceTitle "playchess.com"]
[Source "ChessBase"]
[SourceQuality "1"]
[TimeControl "5400+30"]

1. d4 Nf6 2. c4 e6 3. Nf3 d5 4. Nc3 Nbd7 5. cxd5 exd5 6. Bg5 c6 7. e3 Bd6 8. Bd3 Nf8 9. Ne5 Qb6 10. Qc2 Bxe5 11. dxe5 N6d7 12. Bf4 Nc5 13. O-O Nxd3 14. Qxd3 Ng6 15. Bg3 O-O 16. f4 f5 17. exf6 gxf6 18. f5 Ne5 19. Qe2 Qc7 20. Rac1 Qe7 21. Rcd1 b5 22. e4 b4 23. Na4 dxe4 24. Qxe4 Ba6 25. Rfe1 Bb5 26. Bxe5 fxe5 27. b3 Rad8 28. Rxd8 Rxd8 29. Qxe5 Qxe5 30. Rxe5 Bxa4 31. bxa4 Rd2 32. Re4 a5 33. h4 Rxa2 34. Kh2 Rxa4 35. Rc4 b3 36. Rxa4 b2 37. Rxa5 b1=Q 38. Ra8+ Kf7 39. Ra7+ Kf6 40. Rxh7 Qc1 41. Rb7 Qf4+ 42. Kh3 Qxf5+ 43. Kg3 Qd3+ 44. Kf4 Qd4+ 45. Kg3 c5 46. Rb6+ Ke5 0-1

[Event "30th Abu Dhabi Festival A-Open 2024"]
[Site "Abu Dhabi"]
[Date "2024.08.17"]
[Round "2.12"]
[White "Al Rahbi, Ahmed Badar"]
[Black "Alboredo, Julia"]
[Result "1/2-1/2"]
[ECO "E28"]
[WhiteElo "1890"]
[BlackElo "2178"]
[Annotator "ChessBase"]
[PlyCount "45"]
[EventDate "2024.08.15"]
[EventType "swiss"]
[EventCountry "UAE"]
[SourceTitle "playchess.com"]
[Source "ChessBase"]
[SourceQuality "1"]
[TimeControl "5400+30"]

1. d4 Nf6 2. c4 e6 3. Nc3 Bb4 4. a3 Bxc3+ 5. bxc3 O-O 6. f3 Ne8 7. e4 c5 8. Bd3 Nc6 9. Ne2 b6 10. O-O Ba6 11. e5 f5 12. Be3 Na5 13. dxc5 Nxc4 14. Bxc4 Bxc4 15. Re1 b5 16. a4 Nc7 17. Qd4 Nd5 18. Bf2 Bxe2 19. Rxe2 Qa5 20. Be1 bxa4 21. c4 Nb4 22. Rea2 Nc6 23. Qd6 1/2-1/2

[Event "30th Abu Dhabi Festival A-Open 2024"]
[Site "Abu Dhabi"]
[Date "2024.08.18"]
[Round "3.1"]
[White "Kabinazar, Nurmukhammed"]
[Black "Yeremyan, Alen"]
[Result "0-1"]
[ECO "B30"]
[WhiteElo "2002"]
[BlackElo "2279"]
[Annotator "ChessBase"]
[PlyCount "67"]
[EventDate "2024.08.15"]
[EventType "swiss"]
[EventCountry "UAE"]
[SourceTitle "playchess.com"]
[Source "ChessBase"]
[SourceQuality "1"]
[TimeControl "5400+30"]

1. e4 c5 2. Nf3 Nc6 3. Bb5 e6 4. Bxc6 bxc6 5. b3 d6 6. e5 Ne7 7. exd6 Nf5 8. Nc3 Bxd6 9. O-O O-O 10. d3 f6 11. Na4 Nd4 12. Nd2 Qc7 13. h3 e5 14. Ne4 f5 15. Nxd6 Qxd6 16. Ba3 f4 17. Bxc5 Qg6 18. Kh2 f3 19. g4 Rf4 20. Bxd4 exd4 21. Rg1 Qd6 22. Rg3 Be6 23. Qd2 Raf8 24. Kg1 R4f7 25. c4 Bc8 26. b4 Re8 27. Nc5 Re2 28. Qd1 Qf4 29. Ne4 Re7 30. Nc5 Rxf2 31. Kxf2 Re2+ 32. Qxe2 fxe2+ 33. Kg2 Qd2 34. Ne4 0-1

[Event "30th Abu Dhabi Festival A-Open 2024"]
[Site "Abu Dhabi"]
[Date "2024.08.18"]
[Round "3.2"]
[White "Bolashakov, Nurali"]
[Black "Lad Mandar Pradip"]
[Result "0-1"]
[ECO "B94"]
[WhiteElo "2000"]
[BlackElo "2254"]
[Annotator "ChessBase"]
[PlyCount "40"]
[EventDate "2024.08.15"]
[EventType "swiss"]
[EventCountry "UAE"]
[SourceTitle "playchess.com"]
[Source "ChessBase"]
[SourceQuality "1"]
[TimeControl "5400+30"]

1. e4 c5 2. Nf3 d6 3. d4 cxd4 4. Nxd4 Nf6 5. Nc3 a6 6. Bg5 Nbd7 7. Bc4 Qb6 8. Bb3 e6 9. O-O Be7 10. Be3 Nc5 11. Ba4+ Nxa4 12. Nxa4 Qa5 13. Nc3 O-O 14. a4 Bd7 15. Qd2 Qc7 16. f3 b6 17. Qf2 Rfc8 18. Nb3 b5 19. Bb6 Qb7 20. Rfc1 e5 0-1

[Event "30th Abu Dhabi Festival A-Open 2024"]
[Site "Abu Dhabi"]
[Date "2024.08.18"]
[Round "3.3"]
[White "Hamidov, Allahverdi"]
[Black "Ashwin Sairam"]
[Result "1/2-1/2"]
[ECO "A52"]
[WhiteElo "2253"]
[BlackElo "1997"]
[Annotator "ChessBase"]
[PlyCount "100"]
[EventDate "2024.08.15"]
[EventType "swiss"]
[EventCountry "UAE"]
[SourceTitle "playchess.com"]
[Source "ChessBase"]
[SourceQuality "1"]
[TimeControl "5400+30"]

1. d4 Nf6 2. c4 e5 3. dxe5 Ng4 4. Bf4 Nc6 5. Nf3 Bb4+ 6. Nc3 Bxc3+ 7. bxc3 Qe7 8. Qd5 f6 9. exf6 Nxf6 10. Qd3 d6 11. g3 O-O 12. Bg2 Re8 13. e3 h6 14. h4 Qf7 15. O-O Be6 16. Nd2 Nd7 17. Rfd1 Rad8 18. Qe2 Nde5 19. Bxe5 Nxe5 20. f4 Nxc4 21. Bxb7 Nb2 22. Re1 Qg6 23. Kh2 Nd3 24. Be4 Bf5 25. h5 Qh7 26. Bxd3 Bxd3 27. Qg4 Re7 28. Qh3 Bc2 29. Rac1 Rde8 30. g4 Qd3 31. Nf1 Rb8 32. Qg2 Ba4 33. Qe2 Qd5 34. Ng3 Bc6 35. e4 Qf7 36. Qf2 Rbe8 37. Re3 Bxe4 38. Rce1 Bd5 39. a3 Qf6 40. Nf5 Rxe3 41. Rxe3 Rxe3 42. Qxe3 Be6 43. Kg3 Bxf5 44. gxf5 Qxf5 45. Qxa7 Qd3+ 46. Kg4 Qe2+ 47. Kh4 Qh2+ 48. Kg4 Qg2+ 49. Kh4 Qh2+ 50. Kg4 Qg2+ 1/2-1/2

[Event "30th Abu Dhabi Festival A-Open 2024"]
[Site "Abu Dhabi"]
[Date "2024.08.18"]
[Round "3.4"]
[White "Kazhmuratov, Altair"]
[Black "Md Imran"]
[Result "0-1"]
[ECO "B10"]
[WhiteElo "1994"]
[BlackElo "2225"]
[Annotator "ChessBase"]
[PlyCount "96"]
[EventDate "2024.08.15"]
[EventType "swiss"]
[EventCountry "UAE"]
[SourceTitle "playchess.com"]
[Source "ChessBase"]
[SourceQuality "1"]
[TimeControl "5400+30"]

1. e4 c6 2. Nf3 d5 3. d3 g6 4. Nbd2 Bg7 5. g3 Bg4 6. Bg2 e6 7. O-O Ne7 8. h3 Bxf3 9. Nxf3 O-O 10. Rb1 Nd7 11. exd5 cxd5 12. c4 Qa5 13. a3 Qa6 14. b4 dxc4 15. dxc4 Nb6 16. b5 Qa4 17. Bg5 Qxa3 18. Qe2 Qc5 19. Qe4 Nf5 20. Qxb7 h6 21. Bf4 e5 22. Bd2 Qxc4 23. Rfc1 Qe6 24. Qe4 Nd6 25. Qb4 Ndc4 26. Bc3 Rac8 27. Qb3 Rfd8 28. Re1 Rd3 29. Rbd1 Rxf3 30. Bxf3 Nd2 31. Qxe6 Nxf3+ 32. Kf1 fxe6 33. Re3 Ng5 34. h4 Nd5 35. Rxd5 exd5 36. Bxe5 Ne4 37. Bxg7 Kxg7 38. Ra3 Rc7 39. Ra6 Rf7 40. Ke2 Rxf2+ 41. Ke3 Rf7 42. Kd4 Nxg3 43. Kxd5 Nf5 44. Ra4 Rc7 45. Re4 Kf7 46. Rf4 h5 47. Re4 Rb7 48. Kc6 Rxb5 0-1

[Event "30th Abu Dhabi Festival A-Open 2024"]
[Site "Abu Dhabi"]
[Date "2024.08.18"]
[Round "3.5"]
[White "Dere Pushkar"]
[Black "Khalifah, Khaled"]
[Result "1-0"]
[ECO "B12"]
[WhiteElo "2217"]
[BlackElo "1991"]
[Annotator "ChessBase"]
[PlyCount "79"]
[EventDate "2024.08.15"]
[EventType "swiss"]
[EventCountry "UAE"]
[SourceTitle "playchess.com"]
[Source "ChessBase"]
[SourceQuality "1"]
[TimeControl "5400+30"]

1. e4 c6 2. d4 d5 3. e5 Bf5 4. h4 c5 5. dxc5 Nc6 6. Bb5 Qa5+ 7. Nc3 a6 8. Bxc6+ bxc6 9. Be3 Rb8 10. Nge2 Rxb2 11. Rb1 Bxc2 12. Rxb2 Bxd1 13. Rb8+ Kd7 14. Kxd1 Nh6 15. Kd2 Nf5 16. Rb7+ Kc8 17. Rhb1 g5 18. e6 fxe6 19. Rb8+ Kd7 20. R1b7+ Qc7 21. Bxg5 e5 22. g4 Ng7 23. Bxe7 Ne8 24. Bxf8 Rxf8 25. Na4 Qxb7 26. Rxb7+ Ke6 27. Rxh7 Rxf2 28. Rh6+ Kf7 29. g5 Ng7 30. Rxc6 Ne6 31. Nac3 Nf4 32. Rf6+ Ke8 33. Rf5 d4 34. Rxe5+ Kd7 35. Nd5 Ng2 36. Nf6+ Kc6 37. Ne4 Rf1 38. Nxd4+ Kc7 39. Re7+ Kd8 40. Nc6+ 1-0

[Event "30th Abu Dhabi Festival A-Open 2024"]
[Site "Abu Dhabi"]
[Date "2024.08.18"]
[Round "3.6"]
[White "Bashirinia, Omid"]
[Black "Manukyan, Sargis A."]
[Result "0-1"]
[ECO "D31"]
[WhiteElo "1964"]
[BlackElo "2211"]
[Annotator "ChessBase"]
[PlyCount "88"]
[EventDate "2024.08.15"]
[EventType "swiss"]
[EventCountry "UAE"]
[SourceTitle "playchess.com"]
[Source "ChessBase"]
[SourceQuality "1"]
[TimeControl "5400+30"]

1. d4 d5 2. c4 e6 3. Nc3 a6 4. cxd5 exd5 5. Nf3 h6 6. Bf4 Nf6 7. e3 Bd6 8. Bxd6 Qxd6 9. Bd3 O-O 10. h3 Nc6 11. Rc1 Ne7 12. Qc2 g6 13. Ne2 c6 14. Ng3 Kg7 15. O-O h5 16. Qc5 Qd8 17. b4 Rh8 18. a4 h4 19. Ne2 Bf5 20. Bxf5 Nxf5 21. Qc2 Nd6 22. Ne5 Nd7 23. Nf4 Nf8 24. Nxc6 bxc6 25. Qxc6 Ne6 26. Nxd5 Ra7 27. b5 axb5 28. axb5 Nxb5 29. Qxb5 Ra5 30. Qb7 Qxd5 31. Qxd5 Rxd5 32. Ra1 Rb8 33. Rfb1 Rxb1+ 34. Rxb1 Ra5 35. Rd1 Kf6 36. d5 Nc5 37. Rd4 Ra4 38. Rd1 Ke5 39. f3 Ra3 40. d6 Ke6 41. Kf2 Rd3 42. Rxd3 Nxd3+ 43. Ke2 Nc5 44. f4 f5 0-1

[Event "30th Abu Dhabi Festival A-Open 2024"]
[Site "Abu Dhabi"]
[Date "2024.08.18"]
[Round "3.7"]
[White "Abdullayev, Elshad"]
[Black "Harutyunyan, Arman G."]
[Result "1-0"]
[ECO "E17"]
[WhiteElo "2205"]
[BlackElo "1957"]
[Annotator "ChessBase"]
[PlyCount "81"]
[EventDate "2024.08.15"]
[EventType "swiss"]
[EventCountry "UAE"]
[SourceTitle "playchess.com"]
[Source "ChessBase"]
[SourceQuality "1"]
[TimeControl "5400+30"]

1. d4 Nf6 2. Nf3 d5 3. g3 e6 4. Bg2 Be7 5. O-O O-O 6. b3 b6 7. c4 Bb7 8. Nbd2 Nbd7 9. Bb2 c5 10. dxc5 Bxc5 11. Qc2 Rc8 12. Rad1 Qe7 13. Qb1 Rfd8 14. cxd5 Bxd5 15. e4 Bb7 16. e5 Nd5 17. Ne4 Ba6 18. Rfe1 Bb4 19. Nd6 Bxe1 20. Rxe1 Rc7 21. Ba3 Nc5 22. h4 Nc3 23. Qc2 Nd3 24. Ng5 g6 25. Re3 Nd5 26. Qd2 Nxe3 27. Qxe3 Qd7 28. Nge4 Kg7 29. Nf6 Qe7 30. Ng4 Nxe5 31. Qxe5+ f6 32. Qf4 Kh8 33. Nb5 Rc5 34. Bxc5 bxc5 35. Nc3 Rf8 36. Ne3 Kg7 37. Qa4 Bc8 38. Qc6 Rd8 39. Na4 c4 40. bxc4 Kf7 41. Nc3 1-0

[Event "30th Abu Dhabi Festival A-Open 2024"]
[Site "Abu Dhabi"]
[Date "2024.08.18"]
[Round "3.8"]
[White "Talgatov, Nazar"]
[Black "Li, Yage"]
[Result "1/2-1/2"]
[ECO "B15"]
[WhiteElo "2171"]
[BlackElo "1949"]
[Annotator "ChessBase"]
[PlyCount "81"]
[EventDate "2024.08.15"]
[EventType "swiss"]
[EventCountry "UAE"]
[SourceTitle "playchess.com"]
[Source "ChessBase"]
[SourceQuality "1"]
[TimeControl "5400+30"]

1. e4 c6 2. d4 d5 3. Nd2 dxe4 4. Nxe4 Nf6 5. Nxf6+ exf6 6. c3 Bd6 7. Bd3 O-O 8. Qc2 h6 9. Ne2 Re8 10. Be3 Qc7 11. c4 Bg4 12. O-O-O Nd7 13. Qd2 Bxe2 14. Bxe2 f5 15. g3 Nf6 16. Bd3 Ne4 17. Qc2 h5 18. c5 Bf8 19. Bf4 Qa5 20. f3 Nf6 21. Bc4 Nd5 22. Qxf5 b6 23. Bd2 Qa4 24. Qd3 bxc5 25. dxc5 Bxc5 26. Bb3 Qd4 27. Qxd4 Bxd4 28. Rhe1 Ne3 29. Bxe3 Bxe3+ 30. Kc2 Re7 31. Rd6 c5 32. Bc4 Rae8 33. Bb5 Bd4 34. Re4 Rxe4 35. fxe4 Re6 36. Rd8+ Kh7 37. Bc4 Rf6 38. b4 Rf2+ 39. Kd3 Rf3+ 40. Ke2 Rf2+ 41. Kd3 1/2-1/2

[Event "30th Abu Dhabi Festival A-Open 2024"]
[Site "Abu Dhabi"]
[Date "2024.08.18"]
[Round "3.9"]
[White "Pranay Akula"]
[Black "Rzayev, Chingiz"]
[Result "1/2-1/2"]
[ECO "B01"]
[WhiteElo "1963"]
[BlackElo "2134"]
[Annotator "ChessBase"]
[PlyCount "123"]
[EventDate "2024.08.15"]
[EventType "swiss"]
[EventCountry "UAE"]
[SourceTitle "playchess.com"]
[Source "ChessBase"]
[SourceQuality "1"]
[TimeControl "5400+30"]

1. e4 d5 2. exd5 Nf6 3. Nf3 Bg4 4. Bb5+ Nbd7 5. h3 a6 6. Be2 Bxf3 7. Bxf3 Ne5 8. Nc3 Qd6 9. d4 Nxf3+ 10. Qxf3 O-O-O 11. O-O Nxd5 12. Ne4 Qg6 13. c4 Nb4 14. Nc5 Nc6 15. Be3 e6 16. Nb3 Be7 17. Rfd1 Qf5 18. Qxf5 exf5 19. Rac1 Bf6 20. d5 Ne5 21. Bd4 Rhe8 22. Kf1 Nd7 23. Re1 g6 24. Rxe8 Rxe8 25. Bxf6 Nxf6 26. Nd2 Kd7 27. g3 Kd6 28. b4 h6 29. Nb3 f4 30. Rd1 fxg3 31. c5+ Kd7 32. fxg3 Ne4 33. Rd3 Re5 34. Kg2 b6 35. a4 Rf5 36. a5 bxa5 37. Nxa5 Rf2+ 38. Kg1 Rb2 39. Nc6 Ra2 40. Ne5+ Ke7 41. Nc6+ Kd7 42. Ne5+ Ke7 43. Nc6+ Kd7 44. Re3 f5 45. Ne5+ Ke7 46. Nxg6+ Kf6 47. Nf4 Rd2 48. Kf1 Ke5 49. Ke1 Rc2 50. Rd3 Rc3 51. d6 cxd6 52. Rd5+ Kf6 53. Rxd6+ Nxd6 54. Nd5+ Ke5 55. Nxc3 Nc8 56. b5 axb5 57. Nxb5 Kd5 58. Nd6 Ne7 59. Nf7 h5 60. Kf2 Kxc5 61. Kf3 Kd5 62. Kf4 1/2-1/2

[Event "30th Abu Dhabi Festival A-Open 2024"]
[Site "Abu Dhabi"]
[Date "2024.08.18"]
[Round "3.10"]
[White "Imomkuzieva, Nilufarkhon"]
[Black "Wen, Gehua"]
[Result "0-1"]
[ECO "B12"]
[WhiteElo "1955"]
[BlackElo "2119"]
[Annotator "ChessBase"]
[PlyCount "86"]
[EventDate "2024.08.15"]
[EventType "swiss"]
[EventCountry "UAE"]
[SourceTitle "playchess.com"]
[Source "ChessBase"]
[SourceQuality "1"]
[TimeControl "5400+30"]

1. e4 c6 2. d4 d5 3. e5 Bf5 4. Nf3 e6 5. Be2 c5 6. Be3 cxd4 7. Bxd4 Nc6 8. O-O Nge7 9. c3 Bg4 10. Na3 Ng6 11. Re1 Bxa3 12. bxa3 Qc7 13. Nd2 Bxe2 14. Qxe2 O-O 15. Nb3 Rfc8 16. Qe3 Na5 17. f4 Nc4 18. Qc1 b6 19. Rb1 Qd7 20. Na1 Ne7 21. Nc2 Qa4 22. Rb4 Qa5 23. Rb3 Rc7 24. g4 Qa4 25. Nb4 Na5 26. Rb1 Nac6 27. Bf2 Rac8 28. Re3 a5 29. Nxc6 Rxc6 30. Rd3 Qe4 31. Qd2 Ng6 32. Bg3 Rxc3 33. Rxc3 Qxb1+ 34. Be1 Rxc3 35. Qxc3 h6 36. f5 exf5 37. gxf5 Qxf5 38. Bg3 Qb1+ 39. Kg2 Qxa2+ 40. Kh3 Qc4 41. Qf3 d4 42. Qe4 Qf1+ 43. Kg4 d3 0-1

[Event "30th Abu Dhabi Festival A-Open 2024"]
[Site "Abu Dhabi"]
[Date "2024.08.18"]
[Round "3.11"]
[White "Sham R"]
[Black "Bhuvan Krishna Prasanth"]
[Result "1-0"]
[ECO "C47"]
[WhiteElo "2103"]
[BlackElo "1940"]
[Annotator "ChessBase"]
[PlyCount "141"]
[EventDate "2024.08.15"]
[EventType "swiss"]
[EventCountry "UAE"]
[SourceTitle "playchess.com"]
[Source "ChessBase"]
[SourceQuality "1"]
[TimeControl "5400+30"]

1. e4 e5 2. Nf3 Nc6 3. Nc3 Nf6 4. a4 a5 5. Bb5 Bb4 6. O-O O-O 7. Nd5 Nxd5 8. exd5 e4 9. Ne1 Ne7 10. c3 Bd6 11. Bc4 c6 12. d3 cxd5 13. Ba2 Qc7 14. g3 b6 15. Bg5 f6 16. Bd2 Kh8 17. Ng2 Ba6 18. Nf4 Bxf4 19. Bxf4 Qc6 20. dxe4 dxe4 21. Re1 d5 22. Qd4 f5 23. Rad1 Bb7 24. Bg5 Qc7 25. Bf4 Qc6 26. h4 h6 27. h5 Kh7 28. Bb3 Rad8 29. Rd2 Bc8 30. Red1 Be6 31. Qe5 g5 32. Be3 f4 33. Bd4 Nf5 34. c4 Qd6 35. cxd5 Qxe5 36. Bxe5 Bf7 37. Rc1 e3 38. fxe3 fxe3 39. Rd3 Rfe8 40. Bc7 Rc8 41. d6 Nxd6 42. Bxf7 Nxf7 43. Rd7 e2 44. Kf2 Kg8 45. Re1 Ne5 46. Bxe5 Rxe5 47. Rxe2 Rxe2+ 48. Kxe2 Rc2+ 49. Kf3 Rxb2 50. Kg4 Rb4+ 51. Kf5 Rxa4 52. Kg6 Kf8 53. Kxh6 Rg4 54. Rd3 a4 55. Kg6 Rc4 56. Rd8+ Ke7 57. Ra8 Rc6+ 58. Kg7 Rc3 59. h6 Rxg3 60. h7 Rh3 61. Rxa4 Ke6 62. Rb4 Kf5 63. Rb5+ Kf4 64. Rb4+ Kf5 65. Rxb6 Rxh7+ 66. Kxh7 g4 67. Kh6 g3 68. Rg6 Kf4 69. Kh5 Kf3 70. Kh4 g2 71. Kh3 1-0

[Event "30th Abu Dhabi Festival A-Open 2024"]
[Site "Abu Dhabi"]
[Date "2024.08.18"]
[Round "3.12"]
[White "Yahya Shuaib Al Kaff"]
[Black "Barretto, Franz"]
[Result "0-1"]
[ECO "E92"]
[WhiteElo "1882"]
[BlackElo "2101"]
[Annotator "ChessBase"]
[PlyCount "78"]
[EventDate "2024.08.15"]
[EventType "swiss"]
[EventCountry "UAE"]
[SourceTitle "playchess.com"]
[Source "ChessBase"]
[SourceQuality "1"]
[TimeControl "5400+30"]

1. d4 Nf6 2. c4 g6 3. Nc3 Bg7 4. e4 d6 5. Be2 O-O 6. Be3 Na6 7. Nf3 e5 8. d5 Ng4 9. Bg5 f6 10. Bh4 h5 11. h3 Nh6 12. Nd2 Nf7 13. Qc2 Bh6 14. g4 hxg4 15. hxg4 Nb4 16. Qa4 a5 17. a3 Bd7 18. Nb5 c6 19. axb4 cxb5 20. Qd1 Bxd2+ 21. Qxd2 g5 22. Bg3 axb4 23. O-O bxc4 24. Qxb4 b5 25. Rxa8 Qxa8 26. f3 Kg7 27. Rc1 Rh8 28. Bf1 Qa2 29. Bf2 Ra8 30. Bb6 Ra4 31. Qd2 Qb3 32. Rc3 Qb4 33. Qh2 Ra2 34. Rc2 Qb3 35. Qg2 Ra6 36. Rc3 Qd1 37. Qf2 Ra1 38. Kg2 Nh8 39. Qc2 Qxf1+ 0-1

[Event "30th Abu Dhabi Festival A-Open 2024"]
[Site "Abu Dhabi"]
[Date "2024.08.19"]
[Round "4.1"]
[White "Yeremyan, Alen"]
[Black "Sham R"]
[Result "1/2-1/2"]
[ECO "A46"]
[WhiteElo "2279"]
[BlackElo "2103"]
[Annotator "RC"]
[PlyCount "122"]
[EventDate "2024.08.15"]
[EventType "swiss"]
[EventCountry "UAE"]
[SourceTitle "playchess.com"]
[Source "ChessBase"]
[SourceQuality "1"]
[TimeControl "5400+30"]

1. d4 Nf6 2. Bf4 c5 3. e3 e6 4. c3 Nc6 5. Nf3 Nh5 6. Bg5 f6 7. Bh4 g6 8. Be2 d5 9. O-O Ng7 10. c4 Nf5 11. cxd5 exd5 12. dxc5 Nxh4 13. Nxh4 Bxc5 14. Nc3 Be6 15. Nf3 Kf7 16. Rc1 Bb6 17. Qa4 Qe7 18. Nb5 Rhd8 19. Nbd4 Nxd4 20. Nxd4 Bd7 21. Qd1 Rac8 22. Qd2 Qd6 23. Bf3 Kg7 24. g3 h5 25. h4 Qe5 26. Bg2 Bg4 27. b3 g5 28. hxg5 fxg5 29. Rxc8 Rxc8 30. Nf3 Qf5 31. Nh2 d4 32. Nxg4 Qxg4 33. exd4 Re8 34. Re1 Rxe1+ 35. Qxe1 Qxd4 36. Bxb7 Qf6 37. Qe2 h4 38. Kg2 hxg3 39. fxg3 Kf8 40. Bd5 Bd4 41. Qc2 Qe5 42. Be4 Qc5 43. Qe2 Qe5 44. b4 Ke7 45. Qd3 Bb6 46. Qe2 Qd4 47. Bf3+ Qe3 48. Qxe3+ Bxe3 49. Kf1 Bd2 50. a3 Bc3 51. Ke2 Kd6 52. Kd3 Bb2 53. a4 g4 54. Bxg4 Be5 55. Kc4 Bxg3 56. Kb5 Kc7 57. Ka6 Kb8 58. b5 Bf2 59. a5 Bg1 60. b6 Bxb6 61. axb6 axb6 1/2-1/2

[Event "30th Abu Dhabi Festival A-Open 2024"]
[Site "Abu Dhabi"]
[Date "2024.08.19"]
[Round "4.2"]
[White "Lad Mandar Pradip"]
[Black "EYENGHE, Sunny"]
[Result "1-0"]
[ECO "E16"]
[WhiteElo "2254"]
[BlackElo "2098"]
[Annotator "RC"]
[PlyCount "89"]
[EventDate "2024.08.15"]
[EventType "swiss"]
[EventCountry "UAE"]
[SourceTitle "playchess.com"]
[Source "ChessBase"]
[SourceQuality "1"]
[TimeControl "5400+30"]

1. d4 Nf6 2. c4 e6 3. Nf3 b6 4. g3 Bb7 5. Bg2 Bb4+ 6. Nbd2 Ne4 7. O-O Nxd2 8. Bxd2 Bxd2 9. Qxd2 O-O 10. d5 exd5 11. cxd5 d6 12. Rac1 Nd7 13. Nd4 a5 14. Qc3 Nc5 15. Nf5 Qg5 16. e4 Rfe8 17. f3 f6 18. Qd4 Bc8 19. Ne3 Qe5 20. Qd2 f5 21. f4 Qf6 22. e5 dxe5 23. d6 e4 24. dxc7 Be6 25. Qd6 Qxb2 26. g4 fxg4 27. f5 Bf7 28. f6 Rac8 29. fxg7 Qe5 30. Qxe5 Rxe5 31. Nxg4 Re6 32. Nf6+ Kxg7 33. Bh3 Rxc7 34. Bxe6 Nxe6 35. Nxe4 Re7 36. Ng3 Rd7 37. Rc6 Nd4 38. Rxb6 Bg6 39. Ra6 Rd5 40. h4 Nc2 41. h5 Rg5 42. Kh2 Ne3 43. Re1 Nf5 44. hxg6 Nxg3 45. Re7+ 1-0

[Event "30th Abu Dhabi Festival A-Open 2024"]
[Site "Abu Dhabi"]
[Date "2024.08.19"]
[Round "4.3"]
[White "Md Imran"]
[Black "Khachatryan, Gagik B."]
[Result "1-0"]
[ECO "D02"]
[WhiteElo "2225"]
[BlackElo "1852"]
[Annotator "RC"]
[PlyCount "115"]
[EventDate "2024.08.15"]
[EventType "swiss"]
[EventCountry "UAE"]
[SourceTitle "playchess.com"]
[Source "ChessBase"]
[SourceQuality "1"]
[TimeControl "5400+30"]

1. Nf3 d5 2. d4 Nf6 3. Bf4 c5 4. e3 Nc6 5. dxc5 e6 6. c4 Bxc5 7. Nc3 O-O 8. Be2 dxc4 9. Qxd8 Rxd8 10. Bxc4 a6 11. Rc1 Bd6 12. Bg5 b5 13. Bd3 Bb7 14. Ke2 Rd7 15. a4 b4 16. Bxf6 gxf6 17. Ne4 Be7 18. Nc5 Bxc5 19. Rxc5 Rad8 20. Rd1 Rd5 21. Rxd5 Rxd5 22. g4 h5 23. Rg1 Kf8 24. Be4 Rc5 25. gxh5 Rxh5 26. Rc1 Nd4+ 27. Nxd4 Bxe4 28. Rc4 a5 29. Nxe6+ fxe6 30. Rxe4 Kf7 31. h4 Rc5 32. Kd3 Rc1 33. Rc4 Ra1 34. Kc2 Rf1 35. f4 Rf2+ 36. Kb3 Rf3 37. Re4 Rf2 38. Rd4 Rh2 39. Rd7+ Kg6 40. Ra7 Rxh4 41. Rxa5 Rh3 42. Kxb4 Rxe3 43. Rc5 Re4+ 44. Rc4 Re2 45. Kc3 Kf5 46. a5 Re3+ 47. Kb4 Re2 48. b3 Ra2 49. Kb5 e5 50. fxe5 fxe5 51. Rc8 Ke6 52. b4 Kd7 53. Rc4 Kd6 54. a6 Kd5 55. Rc8 e4 56. Rd8+ Ke5 57. Kb6 Ra4 58. b5 1-0

[Event "30th Abu Dhabi Festival A-Open 2024"]
[Site "Abu Dhabi"]
[Date "2024.08.19"]
[Round "4.4"]
[White "Wen, Gehua"]
[Black "Dere Pushkar"]
[Result "0-1"]
[ECO "D10"]
[WhiteElo "2119"]
[BlackElo "2217"]
[Annotator "RC"]
[PlyCount "158"]
[EventDate "2024.08.15"]
[EventType "swiss"]
[EventCountry "UAE"]
[SourceTitle "playchess.com"]
[Source "ChessBase"]
[SourceQuality "1"]
[TimeControl "5400+30"]

1. d4 d5 2. c4 c6 3. cxd5 cxd5 4. Nc3 Nf6 5. Bf4 Nc6 6. e3 e6 7. Bd3 Bd6 8. Bxd6 Qxd6 9. f4 a6 10. Nf3 b5 11. O-O Bb7 12. Ne5 Rc8 13. Rc1 Ne7 14. Qf3 Qb4 15. Rb1 Nf5 16. Bxf5 exf5 17. Qh3 g6 18. Qh6 Qf8 19. Qxf8+ Rxf8 20. Nd3 Nd7 21. Rfc1 Ke7 22. a4 Nb6 23. Nc5 Bc6 24. a5 Nc4 25. b3 Nxa5 26. Ra1 Nb7 27. Rxa6 Nd6 28. Na2 Rfd8 29. Nb4 Ba8 30. Ra7+ Ke8 31. Rca1 Ne4 32. Nba6 Nxc5 33. Nxc5 Bc6 34. R1a6 Kf8 35. Rb6 Be8 36. Kf2 Ra8 37. Rba6 Rab8 38. b4 Rbc8 39. h3 Rc6 40. Ra5 Rcc8 41. g4 fxg4 42. hxg4 h6 43. Kg3 Rd6 44. Rb7 Rdd8 45. f5 Rd6 46. Kf4 g5+ 47. Kf3 Rcd8 48. Raa7 Rc8 49. Nd3 Rc2 50. Ne5 Rh2 51. Nxf7 Rc6 52. Kg3 Rcc2 53. Ne5 h5 54. Rf7+ Bxf7 55. Rxf7+ Ke8 56. gxh5 Rhg2+ 57. Kh3 Rge2 58. Kg4 Rg2+ 59. Kh3 Rge2 60. Kg4 Rxe3 61. Kxg5 Rxe5 62. Rb7 Re7 63. Rxb5 Rg2+ 64. Kf6 Rf7+ 65. Ke6 Re2+ 66. Kd6 Rf6+ 67. Kc7 Rxf5 68. h6 Re7+ 69. Kc6 Rf6+ 70. Kxd5 Rf5+ 71. Kc4 Rxb5 72. Kxb5 Rh7 73. Kc6 Rxh6+ 74. Kc7 Rh4 75. b5 Rxd4 76. b6 Rc4+ 77. Kb8 Kd7 78. b7 Rb4 79. Ka7 Kc7 0-1

[Event "30th Abu Dhabi Festival A-Open 2024"]
[Site "Abu Dhabi"]
[Date "2024.08.19"]
[Round "4.5"]
[White "Manukyan, Sargis A."]
[Black "Shen, Fuyan"]
[Result "1/2-1/2"]
[ECO "D11"]
[WhiteElo "2211"]
[BlackElo "1826"]
[Annotator "RC"]
[PlyCount "110"]
[EventDate "2024.08.15"]
[EventType "swiss"]
[EventCountry "UAE"]
[SourceTitle "playchess.com"]
[Source "ChessBase"]
[SourceQuality "1"]
[TimeControl "5400+30"]

1. d4 d5 2. c4 c6 3. Nc3 dxc4 4. Nf3 b5 5. a4 b4 6. Ne4 Nf6 7. Ng3 e6 8. e4 Ba6 9. Bg5 Qa5 10. Qc1 c3 11. bxc3 Bxf1 12. Kxf1 bxc3 13. Bxf6 gxf6 14. Ne2 Bb4 15. Qc2 Nd7 16. Ne1 c5 17. d5 Nb6 18. dxe6 fxe6 19. h4 O-O-O 20. Nd3 Rd7 21. Rh3 Rhd8 22. Kg1 Kb8 23. Nec1 Qa6 24. a5 Nc4 25. Nb3 Rc7 26. Ra4 Qb5 27. Ndxc5 Bxc5 28. Nxc5 Rxc5 29. Rxc3 Rd2 30. Qb3 Qxb3 31. Rxb3+ Kc7 32. Rf3 Ne5 33. Rg3 h5 34. f3 Rcc2 35. a6 Kb6 36. Ra1 Nd3 37. Kh1 Nf4 38. e5 fxe5 39. Rg7 Rxg2 40. Rb1+ Kxa6 41. Rxa7+ Kxa7 42. Rb7+ Ka6 43. Rb6+ Ka5 44. Rb5+ Ka4 45. Rb4+ Ka3 46. Rb3+ Ka2 47. Rb2+ Ka1 48. Rb1+ Ka2 49. Rb2+ Ka3 50. Rb3+ Ka4 51. Rb4+ Ka5 52. Rb5+ Ka6 53. Rb6+ Ka7 54. Rb7+ Ka8 55. Rb8+ Kxb8 1/2-1/2

[Event "30th Abu Dhabi Festival A-Open 2024"]
[Site "Abu Dhabi"]
[Date "2024.08.19"]
[Round "4.6"]
[White "Barretto, Franz"]
[Black "Abdullayev, Elshad"]
[Result "1/2-1/2"]
[ECO "D11"]
[WhiteElo "2101"]
[BlackElo "2205"]
[Annotator "RC"]
[PlyCount "75"]
[EventDate "2024.08.15"]
[EventType "swiss"]
[EventCountry "UAE"]
[SourceTitle "playchess.com"]
[Source "ChessBase"]
[SourceQuality "1"]
[TimeControl "5400+30"]

1. d4 Nf6 2. g3 d5 3. Bg2 Bf5 4. Nf3 e6 5. O-O h6 6. c4 c6 7. Nc3 Be7 8. Nd2 Nbd7 9. e4 dxe4 10. Ndxe4 O-O 11. Be3 Nxe4 12. Nxe4 Nf6 13. Nxf6+ Bxf6 14. Qb3 Bxd4 15. Rfd1 c5 16. Qxb7 Qf6 17. Bxd4 cxd4 18. Qf3 Rab8 19. g4 Bg6 20. Qxf6 gxf6 21. Rxd4 Rb7 22. b4 Rxb4 23. c5 Rb2 24. c6 Rc2 25. Rd7 e5 26. Rxa7 e4 27. Re7 Rxc6 28. Rd7 Rfc8 29. Rd5 Ra6 30. Rd4 Ra3 31. Rd2 f5 32. gxf5 Bxf5 33. Re2 Rc4 34. Re3 Rca4 35. Rxa3 Rxa3 36. Re1 Ra4 37. Re3 Rxa2 38. Bxe4 1/2-1/2